[Event "Titled Tuesday Blitz January 25 2022"]
[White "Perske, Thore"]
[Black "Pesotskiy, Mikhail"]
[WhiteFideId "12902195"]
[BlackFideId "34164453"]
[WhiteElo "2315"]
[BlackElo "2010"]
[Result "0-1"]
[Round "08"]
[TimeControl "180+1"]
[Date "2022.01.26"]
[WhiteClock "0:00:03"]
[BlackClock "0:00:20"]

1. e4 e6 2. d4 d5 3. Nd2 Nf6 4. e5 Nfd7 5. c3 c5 6. f4 Nc6 7. Ndf3 Qb6 8. a3 f6 9. Bd3 Na5 10. Rb1 Nb3 11. Be3 cxd4 12. cxd4 Qa5+ 13. Kf2 Qb6 14. Ne2 Nb8 15. h4 Bd7 16. h5 f5 17. Qg1 Bb5 18. Rd1 Bxd3 19. Rxd3 Nc6 20. g4 Ne7 21. Nh4 Na5 22. gxf5 exf5 23. Qg5 g6 24. Ng3 Rg8 25. hxg6 hxg6 26. b4 Nc4 27. Nf3 a5 28. Bd2 Nxd2 29. Nxd2 axb4 30. axb4 O-O-O 31. Nb3 Nc6 32. Nc5 Qxb4 33. Rc1 Qb2+ 34. Kf3 Qxc1 35. Ne6 Re8 36. Nxf8 Rexf8 37. Ne2 Qb1 38. Ke3 Rh8 39. Rc3 Rh3+ 40. Kd2 Rxc3 41. Kxc3 Rh8 42. Qf6 Rh3+ 43. Kd2 Rd3# 0-1


[Site "https://www.chess.com"]

[Event "Titled Tuesday Blitz January 25 2022"]
[White "Petesch, Gabriel"]
[Black "Karabalis, Harilos"]
[WhiteFideId "2032465"]
[BlackFideId "4621808"]
[WhiteElo "2374"]
[BlackElo "2168"]
[Result "1-0"]
[Round "08"]
[TimeControl "180+1"]
[Date "2022.01.26"]
[WhiteClock "0:00:13"]
[BlackClock "0:00:20"]

1. Nf3 Nf6 2. b3 d5 3. Bb2 Bf5 4. e3 e6 5. c4 c6 6. Be2 h6 7. O-O Be7 8. Nc3 O-O 9. d4 Nbd7 10. Rc1 Rc8 11. Bd3 Bxd3 12. Qxd3 Re8 13. Rfd1 Bf8 14. e4 dxe4 15. Nxe4 Qa5 16. Nxf6+ Nxf6 17. d5 cxd5 18. Bxf6 gxf6 19. cxd5 Rxc1 20. Rxc1 Rd8 21. Qd4 Qxd5 22. Qg4+ Bg7 23. h3 f5 24. Qa4 a6 25. Qb4 Bf8 26. Qb6 Kg7 27. Qc7 Rd7 28. Qc8 Rd8 29. Qc3+ Kg8 30. Qf6 Bg7 31. Qe7 Qd7 32. Qc5 Qd6 33. Qc4 Bf6 34. Qc2 Kg7 35. Qc4 Rd7 36. Qc8 Rd8 37. Qxb7 Qa3 38. Rc7 Rd1+ 39. Kh2 Qd6+ 40. g3 Qf8 41. Kg2 a5 42. a3 Rd3 43. b4 Rxa3 44. b5 Rc3 45. b6 a4 46. Rxc3 Bxc3 47. Qc7 Qb4 48. b7 a3 49. b8=Q a2 50. Qxb4 Bxb4 51. Qe5+ f6 52. Qa1 e5 53. Qxa2 e4 54. Nd4 Kg6 55. Qg8+ Kh5 56. g4+ fxg4 57. Qxg4# 1-0


[Site "https://www.chess.com"]

[Event "Titled Tuesday Blitz January 25 2022"]
[White "Piesik, Piotr"]
[Black "Donchenko, Alexander"]
[WhiteFideId "1136194"]
[BlackFideId "24603295"]
[WhiteElo "2232"]
[BlackElo "2539"]
[Result "0-1"]
[Round "08"]
[TimeControl "180+1"]
[Date "2022.01.26"]
[WhiteClock "0:01:55"]
[BlackClock "0:02:14"]

1. Nf3 d5 2. g3 Nf6 3. Bg2 e6 4. O-O Be7 5. d3 O-O 6. Nbd2 c5 7. e4 Nc6 8. Re1 b5 9. e5 Nd7 10. c3 a5 11. h4 a4 12. a3 Qc7 13. Qe2 Bb7 14. h5 h6 15. Nf1 d4 16. Bf4 Rfd8 17. cxd4 Nxd4 18. Nxd4 cxd4 19. Rac1 Nc5 20. Nd2 Bxg2 21. Kxg2 Qb7+ 22. Ne4 Rac8 23. Kg1 Nxe4 24. Qxe4 Qxe4 25. Rxe4 Rxc1+ 26. Bxc1 Rc8 27. Bf4 Rc2 28. Rxd4 Rxb2 29. Rd7 Bxa3 30. d4 Bf8 31. d5 exd5 32. Rd8 a3 33. Ra8 a2 34. Kg2 Kh7 35. e6 fxe6 36. Be5 Re2 37. Bd4 Bd6 38. Kf3 Re4 39. Bb2 Ra4 0-1


[Site "https://www.chess.com"]

[Event "Titled Tuesday Blitz January 25 2022"]
[White "Popadic, Dragan"]
[Black "Bodnar, Nikolay"]
[WhiteFideId "913650"]
[BlackFideId "14106469"]
[WhiteElo "2199"]
[BlackElo "2296"]
[Result "0-1"]
[Round "08"]
[TimeControl "180+1"]
[Date "2022.01.26"]
[WhiteClock "0:00:01"]
[BlackClock "0:00:39"]

1. e4 e5 2. d4 exd4 3. Qxd4 Nc6 4. Qe3 Nf6 5. Nc3 Bb4 6. Bd2 O-O 7. O-O-O Re8 8. Qg3 Rxe4 9. a3 Bd6 10. f4 Re8 11. Bd3 Bf8 12. Nf3 d5 13. Ng5 h6 14. h4 d4 15. Nce4 Nxe4 16. Nxe4 Bf5 17. Rde1 Bxe4 18. Bxe4 Rxe4 19. Rxe4 Qd5 20. Rhe1 Qa2 21. Kd1 Qxb2 22. Qb3 Qxa3 23. Qxa3 Bxa3 24. Re8+ Rxe8 25. Rxe8+ Kh7 26. g4 h5 27. gxh5 Bd6 28. Ke2 Ne7 29. Kf3 Nf5 30. Kg4 Nh6+ 31. Kh3 b6 32. Ra8 a5 33. Kg3 f5 34. Kf3 Ng4 35. Bc1 Nf6 36. Bb2 Nxh5 37. Bxd4 Nxf4 38. Be3 Nd5 39. Bd2 Kg6 40. Rh8 Nf6 41. Be3 Nd5 42. Bd2 Kf6 43. h5 Ke6 44. Ra8 Nf6 45. h6 gxh6 46. Bxh6 Ne4 0-1


[Site "https://www.chess.com"]

[Event "Titled Tuesday Blitz January 25 2022"]
[White "Potapova, Margarita"]
[Black "Miszler, Levente"]
[WhiteFideId "14126869"]
[BlackFideId "763276"]
[WhiteElo "2209"]
[BlackElo "1966"]
[Result "1-0"]
[Round "08"]
[TimeControl "180+1"]
[Date "2022.01.26"]
[WhiteClock "0:00:12"]
[BlackClock "0:00:16"]

1. d4 e6 2. c4 Nf6 3. Nc3 d5 4. Nf3 Be7 5. Bf4 c6 6. e3 O-O 7. h3 Nbd7 8. c5 b6 9. b4 a5 10. a3 Ba6 11. Bxa6 Rxa6 12. O-O Qa8 13. b5 cxb5 14. Nxb5 Qc6 15. a4 bxc5 16. dxc5 Nxc5 17. Rc1 Qb7 18. Qe2 Rc6 19. Nfd4 Rcc8 20. Nd6 Bxd6 21. Bxd6 Nxa4 22. Bxf8 Rxf8 23. Qa2 Nb6 24. Qxa5 Nc4 25. Qb5 Qa7 26. Ra1 Qc7 27. Qc6 Qe5 28. Ra8 g6 29. Rxf8+ Kxf8 30. Nf3 Qf5 31. Nd4 Qe5 32. Rb1 Ne4 33. Rb7 Nxf2 34. Nxe6+ Qxe6 35. Qxe6 fxe6 36. Kxf2 Kg8 37. Re7 e5 38. Rd7 d4 39. exd4 exd4 40. Rxd4 Ne5 41. Ra4 Nf7 42. Ra6 Kg7 43. Kg3 Kg8 44. Kf4 Kg7 45. Ra7 Kf6 46. g4 g5+ 47. Ke4 h6 48. Ra6+ Kg7 49. Kf5 Kg8 50. Kg6 1-0


[Site "https://www.chess.com"]

[Event "Titled Tuesday Blitz January 25 2022"]
[White "Romanchuk, Viktor"]
[Black "Martin, Lewis"]
[WhiteFideId "14109271"]
[BlackFideId "410551"]
[WhiteElo "2242"]
[BlackElo "2145"]
[Result "1-0"]
[Round "08"]
[TimeControl "180+1"]
[Date "2022.01.26"]
[WhiteClock "0:00:17"]
[BlackClock "0:00:02"]

1. d4 d5 2. c4 c6 3. Nc3 Nf6 4. e3 e6 5. Nf3 Nbd7 6. Qc2 Bd6 7. b3 O-O 8. Bb2 a6 9. Be2 Qe7 10. O-O dxc4 11. bxc4 b5 12. e4 e5 13. d5 bxc4 14. dxc6 Nb6 15. a4 a5 16. Nb5 Bc5 17. Nxe5 Be6 18. Nxc4 Bxc4 19. Bxc4 Qxe4 20. Bd3 Qxc6 21. Bxf6 Qxf6 22. Qxc5 Rac8 23. Qf5 Qxf5 24. Bxf5 Rc4 25. Bd3 Rxa4 26. Rxa4 Nxa4 27. Ra1 Nc5 28. Bf1 a4 29. Ra3 Rd8 30. Nc3 g6 31. g3 Ra8 32. Kg2 Kg7 33. Bb5 Rd8 34. Nxa4 Ne4 35. Rd3 Rb8 36. Bc6 Nf6 37. Bf3 Rb4 38. Nc5 Rb2 39. Ne4 Nxe4 40. Bxe4 Re2 41. Bf3 Rb2 42. Rd7 Kf8 43. Bd5 f6 44. Rxh7 1-0


[Site "https://www.chess.com"]

[Event "Titled Tuesday Blitz January 25 2022"]
[White "Ronka, Erik"]
[Black "Belyakov, Bogdan"]
[WhiteFideId "505080"]
[BlackFideId "24104795"]
[WhiteElo "2264"]
[BlackElo "2407"]
[Result "0-1"]
[Round "08"]
[TimeControl "180+1"]
[Date "2022.01.26"]
[WhiteClock "0:00:02"]
[BlackClock "0:00:13"]

1. d4 Nf6 2. Nf3 g6 3. g3 Bg7 4. Bg2 O-O 5. O-O d6 6. b3 a5 7. Bb2 a4 8. c4 Nbd7 9. b4 Nb6 10. Na3 Nfd7 11. Qc2 c5 12. bxc5 dxc5 13. d5 Bxb2 14. Qxb2 Nf6 15. Rfe1 Ne4 16. Rab1 Ra6 17. Ne5 Nd6 18. Qc3 f5 19. Nd3 Qc7 20. Nb5 Qd8 21. Nxd6 exd6 22. e4 fxe4 23. Nf4 Qf6 24. Qc2 Nd7 25. Ne6 Rf7 26. Rxe4 Ne5 27. Rf4 Qe7 28. Rxf7 Qxf7 29. f4 Ng4 30. Re1 Qf6 31. h3 Nh6 32. Qe4 Bd7 33. g4 Nf7 34. Qb1 b5 35. cxb5 Rb6 36. Qc2 Bxb5 37. Kh1 Bd7 38. Qd2 Qb2 39. Qa5 Qb4 40. Qxb4 cxb4 41. Nd4 b3 42. axb3 axb3 43. Rb1 b2 44. Be4 Nd8 45. Ne2 Nb7 46. Nc3 Nc5 47. Bc2 Rb4 48. Nd1 Ba4 49. Bxa4 Nxa4 50. Kg2 Rd4 0-1


[Site "https://www.chess.com"]

[Event "Titled Tuesday Blitz January 25 2022"]
[White "Ruperez Benito, Antonio"]
[Black "Iskusnyh, Sergei"]
[WhiteFideId "22245049"]
[BlackFideId "4120027"]
[WhiteElo "2249"]
[BlackElo "2492"]
[Result "0-1"]
[Round "08"]
[TimeControl "180+1"]
[Date "2022.01.26"]
[WhiteClock "0:00:07"]
[BlackClock "0:00:12"]

1. d4 d5 2. c4 c6 3. Nf3 Nf6 4. Nc3 e6 5. Bg5 Be7 6. e3 h6 7. Bh4 Nbd7 8. Rc1 O-O 9. h3 a6 10. c5 b6 11. cxb6 Qxb6 12. Qc2 c5 13. Be2 cxd4 14. Nxd4 Bb7 15. O-O Rfc8 16. Qb3 Bc5 17. Rfd1 Bxd4 18. exd4 Qxb3 19. axb3 Bc6 20. Na4 Bb5 21. Bxb5 axb5 22. Nc5 Nxc5 23. Rxc5 Ne4 24. Rxc8+ Rxc8 25. f3 Nd6 26. Rd2 Nf5 27. Bf2 Rc1+ 28. Kh2 g5 29. g4 Ne7 30. Bg3 Nc6 31. h4 Kg7 32. hxg5 hxg5 33. Bf2 Nb4 34. Be3 Kg6 35. Kg2 Rc2 36. Kf2 Rxd2+ 37. Bxd2 Nc6 38. Ke3 f5 39. Bc3 f4+ 40. Kd3 Kf6 41. Be1 e5 42. Bc3 Ke6 43. dxe5 Nxe5+ 44. Bxe5 Kxe5 45. Ke2 Kd4 46. Kd2 Kc5 47. Kc3 d4+ 48. Kd3 Kb4 49. Kxd4 Kxb3 50. Kc5 Kxb2 51. Kxb5 Kc3 52. Kc5 Kd3 53. Kd5 Ke3 54. Ke5 Kxf3 55. Kf5 Ke3 56. Kxg5 f3 57. Kh6 f2 58. g5 f1=Q 59. g6 Qh3+ 60. Kg7 Qf5 61. Kh6 Qf6 62. Kh7 Qh4+ 63. Kg8 Qd8+ 64. Kh7 Qd3 65. Kh6 Qf5 66. g7 Qf7 67. Kh7 Ke4 68. Kh8 Qh5+ 69. Kg8 Ke5 70. Kf8 Qf5+ 71. Ke8 Qg6+ 72. Kf8 Qf6+ 73. Kg8 Ke6 74. Kh7 Qf5+ 75. Kh8 Qh5+ 76. Kg8 Kf6 77. Kf8 Qf7# 0-1


[Site "https://www.chess.com"]

[Event "Titled Tuesday Blitz January 25 2022"]
[White "Samadov, Read"]
[Black "Nesterov, Arseniy"]
[WhiteFideId "13417444"]
[BlackFideId "24198455"]
[WhiteElo "2084"]
[BlackElo "2489"]
[Result "0-1"]
[Round "08"]
[TimeControl "180+1"]
[Date "2022.01.26"]
[WhiteClock "0:00:01"]
[BlackClock "0:00:03"]

1. d4 d5 2. c4 e6 3. Nf3 Nf6 4. g3 a6 5. Bg2 dxc4 6. O-O Nc6 7. e3 Rb8 8. Qe2 b5 9. b3 cxb3 10. axb3 Bd6 11. Bb2 Bb7 12. Rc1 Nb4 13. Nc3 O-O 14. e4 Be7 15. Rd1 h6 16. h4 Rc8 17. Rac1 Qe8 18. e5 Nd7 19. Ne4 Bxe4 20. Qxe4 Nd5 21. Rc6 Nb8 22. Rc2 c5 23. Bf1 cxd4 24. Bd3 g6 25. Rxc8 Qxc8 26. h5 Nb4 27. Bb1 Qc6 28. Qg4 g5 29. Nxd4 Qd5 30. Qe2 Rd8 31. Rc1 Bf8 32. Be4 Qd7 33. Qf3 Bg7 34. Bb1 Qd5 35. Be4 Qd7 36. Bb1 Qd5 37. Be4 Qxe5 38. Rd1 N4c6 39. Nxc6 Rxd1+ 40. Qxd1 Qxe4 0-1


[Site "https://www.chess.com"]

[Event "Titled Tuesday Blitz January 25 2022"]
[White "Samunenkov, Ihor"]
[Black "Tikhonov, Viacheslav"]
[WhiteFideId "14187086"]
[BlackFideId "44196407"]
[WhiteElo "2406"]
[BlackElo "1773"]
[Result "1/2-1/2"]
[Round "08"]
[TimeControl "180+1"]
[Date "2022.01.26"]
[WhiteClock "0:00:02"]
[BlackClock "0:00:03"]

1. e4 c6 2. Nf3 d5 3. Nc3 dxe4 4. Nxe4 Nf6 5. Qe2 Nxe4 6. Qxe4 Qd5 7. Qf4 Qf5 8. Qe3 Qe6 9. b3 Qxe3+ 10. fxe3 f6 11. Bb2 e5 12. d4 exd4 13. exd4 Bb4+ 14. Kf2 Be6 15. a3 Bd6 16. Re1 Kf7 17. Bd3 Nd7 18. Rhf1 Bd5 19. c4 Bxf3 20. Kxf3 c5 21. Be4 cxd4 22. Bxb7 Ne5+ 23. Ke4 Rab8 24. Bd5+ Kg6 25. b4 d3 26. Bxe5 Bxe5 27. Kxd3 Bb2 28. Re7 Bxa3 29. Be4+ Kh6 30. Rf3 g6 31. Rh3+ Kg5 32. Rxa7 Bxb4 33. Rhxh7 Rxh7 34. Rxh7 f5 35. Bd5 Bd6 36. g3 Rb2 37. Bf3 Rb3+ 38. Ke2 Bc5 39. h4+ Kf6 40. Rc7 Bb6 41. Rc6+ Kg7 42. c5 Ba5 43. Ra6 Bb4 44. c6 Rc3 45. Ra7+ Kf6 46. Rd7 Ke6 47. Bd5+ Ke5 48. Bf3 Rc2+ 49. Kf1 Rc3 50. Kg2 Rc2+ 51. Kh3 Be1 52. Rd5+ Ke6 53. Rd1 Ba5 54. Ra1 Bc7 55. Ra7 Kd6 56. Ra4 Rc3 57. Rd4+ Ke6 58. Kg2 Rc2+ 59. Kh3 Rc3 60. Kg2 Rc2+ 61. Kh3 Rc3 1/2-1/2


[Site "https://www.chess.com"]

[Event "Titled Tuesday Blitz January 25 2022"]
[White "Sarana, Alexey"]
[Black "Rychagov, Andrey"]
[WhiteFideId "24133795"]
[BlackFideId "4119932"]
[WhiteElo "2665"]
[BlackElo "2500"]
[Result "1-0"]
[Round "08"]
[TimeControl "180+1"]
[Date "2022.01.26"]
[WhiteClock "0:00:37"]
[BlackClock "0:00:08"]

1. d4 d5 2. c4 e6 3. Nc3 Be7 4. cxd5 exd5 5. Bf4 c6 6. e3 Bd6 7. Nge2 Ne7 8. Bxd6 Qxd6 9. Nf4 O-O 10. Bd3 Bf5 11. O-O Bxd3 12. Qxd3 Nd7 13. b4 a6 14. Rab1 Nb6 15. Rfc1 Nc4 16. Na4 Ng6 17. Ne2 b5 18. Nc5 a5 19. Nb7 Qc7 20. Nxa5 Nxa5 21. bxa5 Rxa5 22. Rxb5 Rxb5 23. Qxb5 Qxh2+ 24. Kxh2 cxb5 25. Rc5 Ra8 26. Nc3 h6 27. Rxb5 Ne7 28. a4 g6 29. a5 Nc6 30. Rc5 Nxa5 31. Nxd5 Nb7 32. Rc6 Nd8 33. Rb6 Ne6 34. Ne7+ Kg7 35. d5 Nc5 36. Rc6 Nd3 37. Kg3 Ra2 38. d6 Ne5 39. Rc5 Nd7 40. Rc7 Nf6 41. f3 Rd2 42. Nc8 Rd3 43. Kf2 Rd2+ 44. Ke1 Rxg2 45. d7 Rg1+ 46. Ke2 Rg2+ 47. Kd3 Rg1 48. Kd2 Rg2+ 49. Kc3 Nxd7 50. Rxd7 Rg3 51. Nd6 Rxf3 52. Kd3 h5 53. Ke2 Rg3 54. Rxf7+ Kh6 55. Ra7 h4 56. Kf2 Rg4 57. Nf7+ Kh5 58. Ra8 Rb4 59. Kf3 g5 60. Ne5 g4+ 61. Nxg4 h3 62. Rh8+ Kg5 63. Nf2 1-0


[Site "https://www.chess.com"]

[Event "Titled Tuesday Blitz January 25 2022"]
[White "Senthil Maran K"]
[Black "Piorun, Kacper"]
[WhiteFideId "25035681"]
[BlackFideId "1130420"]
[WhiteElo "2194"]
[BlackElo "2571"]
[Result "0-1"]
[Round "08"]
[TimeControl "180+1"]
[Date "2022.01.26"]
[WhiteClock "0:00:01"]
[BlackClock "0:01:46"]

1. d4 g6 2. Nf3 Bg7 3. g3 d6 4. Bg2 Nf6 5. O-O O-O 6. c4 Nc6 7. Nc3 Bf5 8. d5 Na5 9. Nd4 Bd7 10. b3 c5 11. dxc6 Nxc6 12. Bb2 Qa5 13. e3 Rfc8 14. a3 a6 15. b4 Qd8 16. c5 dxc5 17. bxc5 Qe8 18. Rb1 Rd8 19. Qb3 Rab8 20. Rfd1 Rdc8 21. Nd5 Nxd4 22. Rxd4 Rxc5 23. Nxf6+ Bxf6 24. Rb4 b5 25. Bxf6 exf6 26. Qb2 Qe5 27. Rd4 Be6 28. Rbd1 Kg7 29. Qd2 Rbc8 30. Qa5 Rc1 31. Qd2 Qc5 0-1


[Site "https://www.chess.com"]

[Event "Titled Tuesday Blitz January 25 2022"]
[White "Seo, Jung Min"]
[Black "Poliannikov, Danila"]
[WhiteFideId "1734687"]
[BlackFideId "30935245"]
[WhiteElo "2401"]
[BlackElo "2560"]
[Result "1-0"]
[Round "08"]
[TimeControl "180+1"]
[Date "2022.01.26"]
[WhiteClock "0:00:13"]
[BlackClock "0:00:06"]

1. d4 Nf6 2. c4 e6 3. Nf3 d5 4. Nc3 Be7 5. Bf4 O-O 6. e3 c5 7. dxc5 Bxc5 8. Rc1 Nc6 9. a3 Be7 10. h3 Qa5 11. Be2 Rd8 12. Qc2 a6 13. O-O dxc4 14. Bxc4 b5 15. Be2 Bb7 16. Rfd1 Rxd1+ 17. Rxd1 Rd8 18. Rxd8+ Qxd8 19. Nd2 h6 20. Bf3 Na5 21. Bxb7 Nxb7 22. Nde4 Nd6 23. Nxf6+ Bxf6 24. Bxd6 Qxd6 25. Ne4 Qe5 26. Qc8+ Kh7 27. Qc2 g6 28. b3 Kg7 29. a4 Qa1+ 30. Kh2 Qe5+ 31. g3 Qf5 32. Kg2 h5 33. Qc6 Qd5 34. Qxd5 exd5 35. Nc5 bxa4 36. bxa4 a5 37. Kf3 Be7 38. Nb3 Bb4 39. Ke2 Kf6 40. Kd3 Ke5 41. Nd4 Kd6 42. g4 hxg4 43. hxg4 f6 44. f4 Kc5 45. f5 gxf5 46. Ne6+ Kd6 47. gxf5 Ke5 48. Nd4 Be1 49. Nf3+ Kxf5 50. Nxe1 Ke5 51. Nf3+ Kf5 52. Nd4+ Ke5 53. Nc6+ Kd6 54. Nxa5 Kc5 55. Nb3+ Kb4 56. a5 Kb5 57. Kd4 f5 58. Kxd5 1-0


[Site "https://www.chess.com"]

[Event "Titled Tuesday Blitz January 25 2022"]
[White "Shipov, Sergei"]
[Black "Ezat, Mohamed"]
[WhiteFideId "4113624"]
[BlackFideId "10600906"]
[WhiteElo "2770"]
[BlackElo "2386"]
[Result "1-0"]
[Round "08"]
[TimeControl "180+1"]
[Date "2022.01.26"]
[WhiteClock "0:00:56"]
[BlackClock "0:00:02"]

1. d4 Nf6 2. c4 g6 3. Nc3 Bg7 4. e4 d6 5. Be2 O-O 6. g4 c5 7. g5 Nfd7 8. d5 a6 9. a4 e6 10. h4 exd5 11. exd5 Re8 12. Kf1 f5 13. f4 Nf8 14. Bd2 Ra7 15. h5 b6 16. h6 Bd4 17. Nf3 Rae7 18. Rh2 Nbd7 19. Bd3 Be3 20. Re2 Bxd2 21. Qxd2 Rxe2 22. Nxe2 Qe7 23. a5 Qd8 24. Qc3 Re7 25. Kf2 Bb7 26. Ng3 b5 27. cxb5 axb5 28. Bxb5 Bxd5 29. Rd1 Be6 30. Rxd6 Qc7 31. Qd2 c4 32. Qd4 Qc5 33. Qxc5 Nxc5 34. Ne5 Rc7 35. a6 Nfd7 36. Ke3 Nxe5 37. fxe5 Kf7 38. Ne2 Ne4 39. Rb6 Nxg5 40. Rb7 Re7 41. Rxe7+ Kxe7 42. Nf4 Bc8 43. Bxc4 Bxa6 44. Bxa6 Nf7 45. Kd4 Nxh6 46. b4 Ng4 47. b5 g5 48. Nd5+ Kd7 49. b6 1-0


[Site "https://www.chess.com"]

[Event "Titled Tuesday Blitz January 25 2022"]
[White "Shtyka, Sergey"]
[Black "Garriga Cazorla, Pere"]
[WhiteFideId "4138465"]
[BlackFideId "32011601"]
[WhiteElo "2014"]
[BlackElo "2458"]
[Result "0-1"]
[Round "08"]
[TimeControl "180+1"]
[Date "2022.01.26"]
[WhiteClock "0:00:05"]
[BlackClock "0:01:31"]

1. e4 c5 2. Nf3 Nc6 3. d4 cxd4 4. Nxd4 e6 5. Nc3 Qc7 6. Be3 a6 7. Be2 Nf6 8. O-O Be7 9. f4 d6 10. Bf3 O-O 11. Qd2 Bd7 12. Rad1 Rac8 13. Kh1 Rfe8 14. Nxc6 Bxc6 15. Rfe1 b5 16. a3 Bf8 17. Bf2 Qb7 18. Qe3 a5 19. Rd3 b4 20. axb4 axb4 21. Nb1 e5 22. Nd2 d5 23. exd5 Nxd5 24. Bxd5 Bxd5 25. fxe5 Bxg2+ 26. Kg1 Bd5 27. c3 Re6 28. Ne4 Rg6+ 29. Bg3 bxc3 30. bxc3 Qc6 31. Kf2 Ra8 32. Rd2 h5 33. h4 Rg4 34. Ng5 Bc5 35. Rd4 Ra2+ 36. Re2 Bxd4 37. cxd4 Rxe2+ 38. Qxe2 Qc3 39. Bh2 Rg2+ 0-1


[Site "https://www.chess.com"]

[Event "Titled Tuesday Blitz January 25 2022"]
[White "Srihari L R"]
[Black "Seemann, Jakub"]
[WhiteFideId "46617116"]
[BlackFideId "21874697"]
[WhiteElo "2121"]
[BlackElo "2003"]
[Result "1-0"]
[Round "08"]
[TimeControl "180+1"]
[Date "2022.01.26"]
[WhiteClock "0:00:15"]
[BlackClock "0:00:01"]

1. d4 d5 2. c4 c6 3. Nf3 Nf6 4. Qc2 e6 5. Nbd2 Nbd7 6. b3 Bd6 7. Bb2 O-O 8. e3 a5 9. Bd3 h6 10. O-O a4 11. bxa4 Qa5 12. Nb3 Qxa4 13. Ne5 Ba3 14. Nxd7 Nxd7 15. Rfb1 Bxb2 16. Rxb2 dxc4 17. Bxc4 e5 18. d5 Nb6 19. Nd2 Qxc2 20. Rxc2 cxd5 21. Bb3 Be6 22. Rc7 Rab8 23. Nf3 f6 24. e4 Bf7 25. exd5 Bxd5 26. Rb1 Bxb3 27. Rxb3 Rfc8 28. Rxc8+ Rxc8 29. h4 Rc6 30. h5 Rd6 31. Nh4 Nc4 32. Rxb7 Rd1+ 33. Kh2 Nd6 34. Rd7 Rd4 35. Ng6 Nf5 36. Ra7 Rd2 37. Kg1 Rd1+ 38. Kh2 Rd2 39. g4 Rxf2+ 40. Kg1 Rf3 41. gxf5 Rxf5 42. Ne7+ 1-0


[Site "https://www.chess.com"]

[Event "Titled Tuesday Blitz January 25 2022"]
[White "Steinberg, Nitzan"]
[Black "Sanal, Vahap"]
[WhiteFideId "2801795"]
[BlackFideId "6300545"]
[WhiteElo "2440"]
[BlackElo "2603"]
[Result "0-1"]
[Round "08"]
[TimeControl "180+1"]
[Date "2022.01.26"]
[WhiteClock "0:00:02"]
[BlackClock "0:00:01"]

1. Nf3 Nf6 2. d4 e6 3. Bf4 h6 4. h3 d5 5. e3 Bd6 6. Bxd6 Qxd6 7. c4 O-O 8. Nc3 dxc4 9. Bxc4 c5 10. O-O a6 11. Be2 b5 12. Rc1 c4 13. a4 Qb4 14. axb5 axb5 15. b3 cxb3 16. Nxb5 Ba6 17. Qd2 Qxd2 18. Nxd2 Nbd7 19. Rb1 Rfc8 20. Nxb3 Rab8 21. Rfc1 Rxc1+ 22. Nxc1 Ne4 23. Na3 Ra8 24. Bf3 f5 25. Nc2 Ndf6 26. Ra1 Rc8 27. Rxa6 Rxc2 28. Nd3 Rd2 29. Nc5 Nxf2 30. Nxe6 g5 31. Nxg5 Kg7 32. Ne6+ Kf7 33. Nc5 h5 34. Ra7+ Kg8 35. Ra5 h4 36. Ne6 N6e4 37. Rxf5 Rc2 38. Bxe4 Nxe4 39. Rf1 Re2 40. Nf4 Rxe3 41. Nd5 Rd3 42. Rf4 Rd1+ 43. Kh2 Ng3 44. Rxh4 Nf1+ 45. Kg1 Ne3+ 46. Kf2 Nxd5 47. Rg4+ Kf7 48. Kf3 Rf1+ 49. Ke2 Ra1 50. Kf2 Ra2+ 51. Kg3 Ne3 52. Rf4+ Kg6 53. Rf2 Nf5+ 54. Kf3 Nxd4+ 55. Kg3 Nf5+ 56. Kf3 Ra3+ 57. Kf4 Ra4+ 58. Ke5 Ng7 59. g4 Ra5+ 60. Kf4 Ne6+ 61. Kg3 Ng5 62. Kg2 Ra3 63. h4 Ne4 64. Rf3 Ra1 65. Re3 Ra2+ 66. Kf3 Nf6 67. Kf4 Ra4+ 68. Kf3 Nxg4 69. Re4 Nh2+ 70. Kf4 Ra3 71. Re2 Ra4+ 72. Kg3 Ng4 0-1


[Site "https://www.chess.com"]

[Event "Titled Tuesday Blitz January 25 2022"]
[White "Stribuk, Artiom"]
[Black "Michelakos, Panagiotis"]
[WhiteFideId "13515659"]
[BlackFideId "4216067"]
[WhiteElo "2224"]
[BlackElo "2140"]
[Result "0-1"]
[Round "08"]
[TimeControl "180+1"]
[Date "2022.01.26"]
[WhiteClock "0:00:03"]
[BlackClock "0:00:06"]

1. d4 d5 2. c4 e6 3. Nf3 c5 4. g3 Nc6 5. Bg2 Nf6 6. O-O Be7 7. Nc3 O-O 8. Bg5 dxc4 9. dxc5 Qa5 10. Qa4 Qxc5 11. Bxf6 gxf6 12. Nd2 Ne5 13. Nce4 Qb4 14. Nxf6+ Kg7 15. Qxb4 Bxb4 16. Nfe4 f5 17. Nc3 Rb8 18. a3 Bc5 19. Nf3 Ng4 20. e3 e5 21. Rfd1 e4 22. Nd4 Ne5 23. b3 b5 24. Ncxb5 cxb3 25. Rab1 a6 26. Nc7 Bxd4 27. Rxd4 Rf7 28. Nd5 a5 29. Ra4 b2 30. Rxa5 Nc4 31. Rc5 Nd2 32. Nc3 Nxb1 33. Nxb1 Rd7 34. Nc3 Rd2 35. Bf1 Be6 36. Rc6 Bf7 37. Rc7 Kg8 38. a4 b1=Q 39. Nxb1 Rxb1 40. Kg2 Rbb2 41. Rc8+ Kg7 42. Bb5 Rxf2+ 43. Kg1 Rg2+ 44. Kf1 Rbf2+ 45. Ke1 Rc2 46. Rd8 Rg1+ 47. Bf1 Rc1+ 0-1


[Site "https://www.chess.com"]

[Event "Titled Tuesday Blitz January 25 2022"]
[White "Sumaneev, Dmitry"]
[Black "Aaditya Dhingra"]
[WhiteFideId "4125312"]
[BlackFideId "25678191"]
[WhiteElo "2564"]
[BlackElo "1789"]
[Result "0-1"]
[Round "08"]
[TimeControl "180+1"]
[Date "2022.01.26"]
[WhiteClock "0:01:18"]
[BlackClock "0:00:46"]

1. e4 c5 2. c3 Nf6 3. e5 Nd5 4. d4 cxd4 5. Nf3 e6 6. cxd4 d6 7. a3 Bd7 8. Bd3 Bc6 9. O-O Nd7 10. Re1 Rc8 11. Qe2 dxe5 12. dxe5 Nc5 13. Bc2 Qb6 14. Nd4 Ba4 15. b4 Nd7 16. Bxa4 Qxd4 17. Bb2 Qb6 18. Nd2 Be7 19. Ne4 Rd8 20. Rac1 O-O 21. Bd4 Qxd4 0-1


[Site "https://www.chess.com"]

[Event "Titled Tuesday Blitz January 25 2022"]
[White "Szpar, Milosz"]
[Black "Triapishko, Alexandr"]
[WhiteFideId "1184989"]
[BlackFideId "14122286"]
[WhiteElo "2447"]
[BlackElo "2479"]
[Result "1-0"]
[Round "08"]
[TimeControl "180+1"]
[Date "2022.01.26"]
[WhiteClock "0:00:18"]
[BlackClock "0:00:04"]

1. e4 e5 2. Nf3 Nc6 3. Bb5 Nge7 4. Nc3 Ng6 5. d4 exd4 6. Nxd4 Bc5 7. Be3 Bb6 8. Qd2 O-O 9. O-O-O Nxd4 10. Bxd4 c6 11. Be2 Bxd4 12. Qxd4 Qg5+ 13. Kb1 Nf4 14. Bf3 b5 15. e5 Ng6 16. Rde1 Re8 17. Ne4 Qf4 18. Re3 Rxe5 19. Rhe1 d5 20. g3 Qh6 21. Nc5 Rxe3 22. Rxe3 Be6 23. Nxe6 fxe6 24. Rxe6 Rf8 25. Rxc6 Qxh2 26. Rc7 Qg1+ 27. Bd1 Rf7 28. Qxd5 Qxf2 29. Rc8+ Nf8 30. Rxf8+ Kxf8 31. Qd8# 1-0


[Site "https://www.chess.com"]

[Event "Titled Tuesday Blitz January 25 2022"]
[White "Tarasova, Viktoriya"]
[Black "Stark, Lars"]
[WhiteFideId "4175840"]
[BlackFideId "4676386"]
[WhiteElo "2182"]
[BlackElo "2474"]
[Result "1-0"]
[Round "08"]
[TimeControl "180+1"]
[Date "2022.01.26"]
[WhiteClock "0:00:08"]
[BlackClock "0:00:35"]

1. d4 Nf6 2. c4 e6 3. Nc3 Bb4 4. Nf3 b6 5. e3 Bb7 6. Bd3 O-O 7. O-O d5 8. cxd5 exd5 9. Ne5 Nbd7 10. f4 Ne4 11. Nxe4 dxe4 12. Bc4 Qe7 13. Qb3 Bd6 14. Bd2 a6 15. a4 Rab8 16. Rfc1 Nf6 17. Rc2 h5 18. h3 h4 19. Rac1 Nh5 20. Ng6 Qf6 21. Nxf8 Kxf8 22. Bd5 Ng3 23. Be1 Nf5 24. Bxb7 Rxb7 25. Bf2 Rb8 26. Qd5 Re8 27. Rxc7 Bxc7 28. Rxc7 g6 29. Kh2 Kg8 30. Qd7 Re7 31. Qc8+ Kh7 32. Rxe7 Qxe7 33. Qxa6 Qb4 34. Qb7 Kg8 35. Qxe4 Qxb2 36. Be1 Qa3 37. Qe8+ Kg7 38. Bf2 Qa2 39. Be1 Qa1 40. Bf2 Qf1 41. Qe5+ Kg8 42. Qe8+ Kg7 43. Qe5+ Kh7 44. Bg1 Qc4 45. Qf6 Ng3 46. Qxh4+ Nh5 47. g4 Qe2+ 48. Bf2 Kg7 49. gxh5 Qf3 50. Qg3 Qxh5 51. Kg2 Qd5+ 52. Kh2 Qa2 53. h4 Qxa4 54. f5 Qc2 55. fxg6 fxg6 56. Qe5+ Kh7 57. Qe7+ Kh6 58. Qg5+ Kh7 59. Kg1 Qd1+ 60. Kg2 Qd3 61. Qe7+ Kh6 62. Qg5+ Kh7 63. Qf4 b5 64. Qf7+ Kh6 65. Bg3 Qe2+ 66. Kh3 Qxe3 67. Qf4+ Qxf4 68. Bxf4+ Kg7 69. Kg4 b4 70. Kf3 Kf6 71. Ke4 b3 72. Bc1 Ke6 73. Bb2 Kd6 74. d5 Kc5 75. Ke5 Kc4 76. d6 Kd3 77. Ke6 Kc2 78. Bf6 Kb1 79. d7 b2 80. Bxb2 Ka2 81. d8=Q Kb3 82. Qf6 Kc2 83. Qxg6+ Kb3 84. h5 Ka4 85. h6 Kb5 86. h7 Kc6 87. h8=Q Kc7 88. Qhg7+ Kc6 89. Ke5+ Kb5 90. Qe8+ Kc4 91. Qc7+ Kb3 92. Qb5+ Ka2 93. Qa7+ Kb1 94. Bd4+ Kc2 95. Qc7+ Kd2 96. Qb2+ Ke1 97. Qcc1# 1-0


[Site "https://www.chess.com"]